 Dungeon Crawl Stone Soup version 0.19.1-1-g22dce08 (webtiles) character file.

2708 Lahna the Basher (level 9, -7/71 HPs)
             Began as a Minotaur Berserker on Jan 13, 2017.
             Was an Elder of Trog.
             Killed from afar by an electric eel (8 damage)
             ... with a bolt of electricity
             ... on level 7 of the Dungeon.
             The game lasted 00:16:19 (5417 turns).

Lahna the Basher (Minotaur Berserker)               Turns: 5417, Time: 00:16:20

Health: -7/71      AC: 11    Str: 25    XL:     9   Next: 39%
Magic:  8/8        EV: 11    Int:  4    God:    Trog [****..]
Gold:   437        SH:  0    Dex: 10    Spells: 0 memorised, 8 levels left

rFire  . . .     SeeInvis .     r - +1 mace (crush)
rCold  . . .     Gourm    .     L - +0 ring mail
rNeg   . . .     Faith    .     (no shield)
rPois  .         Spirit   .     (helmet restricted)
rElec  .         Reflect  .     (no cloak)
rCorr  .         Harm     .     C - +0 pair of gloves
MR     .....                    (no boots)
Stlth  ..........               j - amulet of rage
                                i - +3 ring of protection
                                g - +2 ring of protection

@: no status effects
A: retaliatory headbutt, horns 2
a: Berserk, Trog's Hand, Brothers in Arms, Burn Spellbooks, Renounce Religion,
Evoke Berserk Rage


You were on level 7 of the Dungeon.
You worshipped Trog.
Trog was greatly pleased with you.
You were not hungry.

You visited 1 branch of the dungeon, and saw 7 of its levels.

You collected 437 gold pieces.

Inventory:

Hand Weapons
 a - a +0 hand axe
 r - a +1 mace of crushing (weapon)
 H - a +0 flail of protection
Missiles
 K - a throwing net (quivered)
Armour
 C - a +0 pair of gloves (worn)
 L - a +0 ring mail (worn)
Jewellery
 g - a +2 ring of protection (left hand)
 i - a +3 ring of protection (right hand)
 j - an amulet of rage (around neck)
 s - an uncursed ring of poison resistance {unknown}
 D - an uncursed ring of flight {unknown}
 E - an uncursed amulet of the gourmand
 F - an uncursed ring of resist corrosion {unknown}
 J - an uncursed ring of stealth {unknown}
Wands
 M - a wand of teleportation (1/9)
 N - a wand of confusion (27/48)
Scrolls
 e - 4 scrolls of amnesia {unknown}
 h - 4 scrolls of recharging {unknown}
 k - 3 scrolls of teleportation {unknown}
 n - 4 scrolls of remove curse {unknown}
 o - a scroll of enchant armour {unknown}
 q - 3 scrolls of immolation {unknown}
 w - 5 scrolls of identify
 x - a scroll of blinking {unknown}
 y - a scroll of magic mapping {unknown}
 I - a scroll of fear {unknown}
 O - a scroll of noise {unknown}
Potions
 d - 2 potions of berserk rage {unknown}
 f - a potion of brilliance {unknown}
 p - a potion of flight {unknown}
 t - 2 potions of lignification
 v - a potion of haste {unknown}
 z - 2 potions of heal wounds
 A - 4 potions of curing
 B - 3 potions of degeneration {unknown}
 G - a potion of agility {unknown}
Comestibles
 b - 2 chunks of flesh
 c - 11 bread rations
 l - 4 beef jerkies
 m - 4 meat rations
 u - 8 fruits


   Skills:
 + Level 4.2 Fighting
 - Level 5.8(10.6) Axes
 + Level 13.5(14.0) Maces & Flails
 + Level 3.3 Armour
 + Level 2.6 Dodging


You had 8 spell levels left.
You didn't know any spells.

Dungeon Overview and Level Annotations

Branches:
Dungeon (7/15)             Temple (0/1) D:5

Altars:
Elyvilon
The Shining One

Shops:
D:4 *   D:7 %


Innate Abilities, Weirdness & Mutations

You reflexively headbutt those who attack you in melee.
You have a pair of horns on your head.


Message History

Your skin crawls.
You feel resistant to hostile enchantments.
You feel somewhat more hungry.
You feel the effects of Trog's Hand fading.
Your skin stops crawling.
You feel less resistant to hostile enchantments.
You start resting.
You start resting.
You start resting.
The electric eel shoots out a bolt of lightning at you!
The bolt of electricity hits you!
* * * LOW HITPOINT WARNING * * *
You closely miss the electric eel.
The electric eel shoots out a bolt of lightning at you!
The bolt of electricity hits you!
* * * LOW HITPOINT WARNING * * *
You miss the electric eel.
The electric eel shoots out a bolt of lightning at you!
The bolt of electricity hits you!
You die...

#≈≈≈#≈≈≈#≈≈≈ ≈≈#
#####.###.###.###.≈##
#..#...#...#...#....#
##...................#
#....................+
#....................#
#....................#
#...#...#...#...#...;#
#.####.###.###@###≈;≈#
#)# #≈≈≈#≈≈≈#≈;≈# ≈.##
#÷#.≈≈≈≈.≈≈≈.≈≈≈;≈ ##
#.#..P≈≈≈≈≈≈≈≈≈≈≈P.#
#.#...P≈≈≈.P≈≈≈≈..##
#.##P#.......P≈P..#
#.##.#..P#P....#.##
#.###.P#.#..#.P#.# #.#


You could see 2 electric eels.

Vanquished Creatures
  Duvessa (D:5)
  2 sky beasts (D:7)
  3 centaurs
  4 ogres
  A big kobold (D:7)
  A bullfrog (D:6)
  Dowan (D:5)
  2 wyvern zombies
  2 scorpions
  3 killer bees (D:7)
  5 wights (D:6)
  A howler monkey (D:5)
  4 crimson imps
  2 centaur zombies (D:5)
  4 hounds
  5 orc wizards
  3 orc priests
  A bullfrog skeleton (D:6)
  Natasha (twice) (D:4)
  An iguana (D:3)
  4 worker ants
  A killer bee zombie (D:7)
  A howler monkey zombie (D:5)
  5 adders
  10 gnolls
  A shadow imp (D:6)
  An adder zombie (D:4)
  2 adder skeletons
  2 worms
  2 dart slugs
  8 leopard geckos
  12 orcs
  9 bats
  5 giant cockroaches
  5 goblins
  7 hobgoblins
  9 jackals
  12 kobolds
  5 quokkas
  8 frilled lizards
  A jackal skeleton (D:7)
  4 leopard gecko skeletons
  A quokka zombie (D:6)
  6 rats
169 creatures vanquished.

Notes
Turn   | Place    | Note
-------+----------+-------------------------------------------
     0 | D:1      | Lahna the Minotaur Berserker began the quest for the Orb.
     0 | D:1      | Reached XP level 1. HP: 19/19 MP: 0/0
   135 | D:1      | Reached XP level 2. HP: 23/26 MP: 1/1
   682 | D:1      | Reached skill level 5 in Axes
   778 | D:2      | Reached XP level 3. HP: 31/31 MP: 2/2
   799 | D:2      | Reached ** piety under Trog
   888 | D:2      | Found a glowing golden altar of the Shining One.
  1042 | D:2      | Reached XP level 4. HP: 39/39 MP: 3/3
  1047 | D:2      | Reached skill level 1 in Maces & Flails
  1647 | D:3      | Reached skill level 2 in Maces & Flails
  1653 | D:3      | Reached skill level 3 in Maces & Flails
  1653 | D:3      | Reached XP level 5. HP: 8/45 MP: 4/4
  1655 | D:3      | Reached skill level 4 in Maces & Flails
  1983 | D:3      | Reached *** piety under Trog
  2269 | D:3      | Found a white marble altar of Elyvilon.
  2304 | D:3      | Reached skill level 5 in Maces & Flails
  2418 | D:4      | Noticed a centaur
  2418 | D:4      | Noticed an ogre
  2430 | D:4      | Killed an ogre
  2430 | D:4      | Reached XP level 6. HP: 41/51 MP: 5/5
  2432 | D:4      | Reached skill level 6 in Maces & Flails
  2500 | D:4      | Found Piasir's General Store.
  2560 | D:4      | Reached skill level 7 in Maces & Flails
  2574 | D:4      | Noticed Natasha
  2873 | D:4      | Killed Natasha
  2973 | D:4      | Reached XP level 7. HP: 19/57 MP: 6/6
  3001 | D:4      | Noticed Natasha
  3011 | D:4      | Killed Natasha
  3178 | D:5      | Entered Level 5 of the Dungeon
  3253 | D:5      | Reached skill level 8 in Maces & Flails
  3284 | D:5      | Reached skill level 9 in Maces & Flails
  3308 | D:5      | Found a staircase to the Ecumenical Temple.
  3335 | D:5      | Reached **** piety under Trog
  3491 | D:5      | Noticed Duvessa
  3499 | D:5      | Killed Duvessa
  3499 | D:5      | Reached skill level 10 in Maces & Flails
  3499 | D:5      | Reached XP level 8. HP: 58/64 MP: 7/7
  3505 | D:5      | Noticed Dowan
  3514 | D:5      | Killed Dowan
  3862 | D:6      | Reached skill level 11 in Maces & Flails
  4262 | D:6      | Reached skill level 12 in Maces & Flails
  4457 | D:6      | Reached XP level 9. HP: 55/70 MP: 8/8
  4782 | D:7      | Reached skill level 13 in Maces & Flails
  4988 | D:7      | Found Oruohe Nuorph's Food Shop.
  5416 | D:7      | HP: 1/71 [electric eel/bolt of electricity (13)]
  5417 | D:7      | Killed from afar by an electric eel

Skill      XL: |  1  2  3  4  5  6  7  8  9 |
---------------+----------------------------+-----
Axes           | 4 5 |  5.8
Maces & Flails | 3 5 7 10 12 13 | 13.5
Fighting       | 4 |  4.2
Armour         | 3 |  3.3
Dodging        | |  2.6

Action                   |  1- 3 |  4- 6 |  7- 9 || total
-------------------------+-------+-------+-------++-------
Melee: Hand axe          |    61 |       |       ||    61
       Headbutt          |    11 |    11 |    55 ||    77
       Mace              |     8 |   100 |   260 ||   368
Invok: Berserk           |       |     3 |     1 ||     4
       Trog's Hand       |       |       |     1 ||     1
  Use: Scroll            |       |       |     2 ||     2
       Potion            |       |       |     1 ||     1
 Stab: Sleeping          |     2 |       |       ||     2
  Eat: Chunk             |       |     8 |    10 ||    18
Armor: Animal skin       |    19 |    35 |    22 ||    76
       Skin              |       |       |     4 ||     4
       Ring mail         |       |       |    42 ||    42
Dodge: Dodged            |    53 |    79 |   109 ||   241
